 Dungeon Crawl Stone Soup version 0.31.0-2-g5a2aebc5c2 (webtiles) character file.

Game seed: 10475104071271490587

123 Persephone the Slasher (level 5, -3/63 HPs)
             Began as a Merfolk Berserker on Jan 20, 2024.
             Was a Believer of Trog.
             Killed from afar by an orc wizard (6 damage)
             ... with a magic dart
             ... on level 3 of the Dungeon.
             The game lasted 00:03:06 (1845 turns).

Persephone the Slasher (Merfolk Berserker)          Turns: 1845, Time: 00:03:07

Health: -3/63      AC:  5    Str: 17    XL:     5   Next: 7%
Magic:  5/5        EV: 13    Int:  7    God:    Trog [**....]
Gold:   148        SH:  0    Dex: 15    Spells: 4/4 levels left

rFire   . . .        a - +0 falchion
rCold   . . .        (no shield)
rNeg    . . .        k - +0 leather armour
rPois   .            o - +1 helmet
rElec   .            (no cloak)
rCorr   .            (no gloves)
SInv    .            (no boots)
Will    ++...        (no amulet) Stlth
                     (no ring)
HPRegen 1.30/turn    (no ring)
MPRegen 0.09/turn

%: no passive effects
@: berserking, strong-willed, regenerating, very quick
A: (nimble swimmer 2), mertail
a: Renounce Religion, Berserk, Trog's Hand


You were on level 3 of the Dungeon.
You worshipped Trog.
Trog was pleased with you.
You visited 1 branch of the dungeon, and saw 3 of its levels.

You collected 148 gold pieces.

Inventory:

Hand Weapons
 a - a +0 falchion (weapon)
Missiles
 c - 6 silver javelins (quivered)
Armour
 b - a +0 animal skin
 k - a +0 leather armour (worn)
 o - a +1 helmet (worn)
Scrolls
 d - 2 scrolls of revelation {unknown}
 e - a scroll of fog {unknown}
 i - 2 scrolls of teleportation {unknown}
 j - a scroll of identify {unknown}
 m - a scroll of enchant armour {unknown}
 p - a scroll of noise {unknown}
 q - a scroll of blinking {unknown}
Potions
 f - a potion of attraction {unknown}
 g - 2 potions of lignification {unknown}
 h - a potion of heal wounds {unknown}
 l - a potion of berserk rage {unknown}
 n - a potion of curing {unknown}
 r - a potion of brilliance {unknown}
 s - a potion of might {unknown}


   Skills:
 + Level 4.1 Fighting
 * Level 5.4 Long Blades
 - Level 1.3 Armour
 + Level 4.0 Dodging


You had 4 spell levels left.
You didn't know any spells.
Your spell library was empty.

Dungeon Overview and Level Annotations

Branches:
Dungeon (3/15)

Altars:


Innate Abilities, Weirdness & Mutations

((You are very nimble when in or above water. (Stealth+, EV+, Speed+++)))
Your lower body shifts to a powerful aquatic tail in water.


Message History

The orc wizard mumbles some strange words.
The orc wizard flickers and vanishes!
Deactivating autopickup; reactivate with Ctrl-A.
You hit the orc priest but do no damage.
The orc hits you but does no damage.
The orc priest calls down the wrath of Beogh upon you.
Beogh smites you!
* * * LOW HITPOINT WARNING * * *
The hobgoblin misses you.
A red film seems to cover your vision as you go berserk!
You feel yourself moving faster!
You feel mighty! The orc priest hits you with a +0 mace.
* * * LOW HITPOINT WARNING * * *
The orc hits you with a +0 club.
* * * LOW HITPOINT WARNING * * *
The hobgoblin closely misses you.
You barely miss the orc priest. The orc hits you with a +0 club.
* * * LOW HITPOINT WARNING * * *
The orc priest hits you with a +0 mace.
* * * LOW HITPOINT WARNING * * *
The hobgoblin closely misses you.
You slash the orc priest!
The orc priest is almost dead.
You slash the orc priest!
You kill the orc priest!
Trog accepts your kill.
The orc priest calls down the wrath of Beogh upon you.
Beogh smites you!
* * * LOW HITPOINT WARNING * * *
The hobgoblin misses you.
Your Dodging skill increases to level 4!
You have reached level 5!
You feel clever.
You closely miss something. The hobgoblin hits you.
* * * LOW HITPOINT WARNING * * *
You miss something.
You hear some strange, mumbled words.
A magic dart appears from out of thin air!
The magic dart hits you.
You die...

#..# #..# ... .#
#..#.# #.. #.# #..#.#
#..##.# # #..#.#
#.......#
#..#.###...#.#.###
...###.)#.............
........#.# #.og#{#.#
...####<#.# #)@...# #
#.#..# ###)###
#.###.## #.# #.#
##.######)# #.#
##..))##.# #.
#....†...# #
#.####.........# #.#
#########.# #..


You could see an orc priest and a hobgoblin.

Vanquished Creatures
  An orc priest (D:3)
  3 adders (D:2)
  2 dart slugs (D:2)
  5 orcs (D:3)
  7 endoplasms
  4 giant cockroaches
  6 goblins
  3 hobgoblins
  8 kobolds
  2 quokkas
  3 ball pythons
  4 bats
  5 frilled lizards
  3 rats
56 creatures vanquished.

Notes
Turn   | Place    | Note
-------+----------+-------------------------------------------
     0 | D:1      | Persephone the Merfolk Berserker began the quest for the
                  | Orb.
     0 | D:1      | Reached XP level 1. HP: 18/18 MP: 1/1
   221 | D:1      | Reached skill level 4 in Long Blades
   221 | D:1      | Reached XP level 2. HP: 21/24 MP: 2/2
   548 | D:1      | Reached XP level 3. HP: 14/29 MP: 3/3
   750 | D:1      | Reached ** piety under Trog
  1393 | D:2      | Reached XP level 4. HP: 33/37 MP: 4/4
  1519 | D:2      | Reached skill level 5 in Long Blades
  1843 | D:3      | HP: 1/55 [orc priest/divine providence (10)]
  1844 | D:3      | Reached XP level 5. HP: 2/42 MP: 5/5
  1845 | D:3      | Killed from afar by an orc wizard

Illustrated notes

Levels and vault maps discovered:
D:1:      saegor_arrival_under_anarchy, layout_basic,
          chequers_serial_rivers_micro_a
D:2:      layout_basic
D:3:      layout_loops_ring, pf_just_have_faith, gup_sewer_entry_bubbles,
          uniq_natasha

Skill      XL: |  1  2  3  4 |
---------------+-------------+-----
Long Blades    | 4 5 |  5.4
Dodging        | 3 4 |  4.0
Fighting       | 4 |  4.1
Armour         | |  1.3

Action                     |  1- 3 |  4- 6 || total
---------------------------+-------+-------++-------
  Melee: Falchion          |   110 |    71 ||   181
         Punch             |     1 |       ||     1
 Invoke: Trog's Hand       |     2 |     1 ||     3
         Berserk           |       |     1 ||     1
 Armour: Animal skin       |    49 |       ||    49
         Leather armour    |    15 |    37 ||    52
  Dodge: Dodged            |    72 |    47 ||   119
